 Dungeon Crawl Stone Soup version 0.27.0-66-gdc8fb28755 (webtiles) character file.

Game seed: 7206315555498802943

208 Kinoniko the Cleaver (level 5, -1/45 HPs)
             Began as a Hill Orc Berserker on Aug 20, 2021.
             Was a Believer of Trog.
             Slain by an orc wizard (3 damage)
             ... on level 4 of the Dungeon.
             The game lasted 00:02:30 (3906 turns).

Kinoniko the Cleaver (Hill Orc Berserker)           Turns: 3906, Time: 00:02:31

Health: -1/45      AC:  7    Str: 21    XL:     5   Next: 86%
Magic:  5/5        EV: 11    Int:  7    God:    Trog [**....]
Gold:   166        SH:  0    Dex: 10    Spells: 4/4 levels left

rFire    . . .     SeeInvis .   a - +0 hand axe
rCold    . . .     Faith    .   (no shield)
rNeg     . . .     Spirit   .   d - +1 ring mail
rPois    .         Reflect  .   k - +1 hat "Xiodor" {Slay+5}
rElec    .         Harm     .   (no cloak)
rCorr    .         Rampage  .   (no gloves)
Will     .....                  (no boots)
Stlth    ..........             (no amulet)
HPRegen  0.15/turn              (no ring)
MPRegen  0.09/turn              (no ring)

@: on berserk cooldown, slowed, studying Bows, very slow
A: no striking features
a: Renounce Religion, Berserk, Trog's Hand


You were on level 4 of the Dungeon.
You worshipped Trog.
Trog was pleased with you.
You visited 1 branch of the dungeon, and saw 4 of its levels.

You collected 166 gold pieces.

Inventory:

Hand Weapons
 a - a +0 hand axe (weapon)
Missiles
 o - 2 throwing nets (quivered)
Armour
 b - a +0 animal skin
 d - a +1 ring mail (worn)
 k - the +1 hat "Xiodor" (worn) {Slay+5}
   (You acquired it on level 4 of the Dungeon)

   Slay:      It affects your accuracy & damage with ranged weapons and melee
   (+5).
Scrolls
 e - a scroll of identify {unknown}
 f - a scroll of summoning {unknown}
 h - a scroll of brand weapon {unknown}
Potions
 c - a potion of curing {unknown}
 g - a potion of flight {unknown}
 i - a potion of lignification {unknown}
 j - a potion of haste {unknown}
 l - a potion of mutation {unknown}
 m - 2 potions of heal wounds
 n - a potion of degeneration {unknown}


   Skills:
 - Level 3.6 Fighting
 * Level 8.4 Axes
 - Level 2.1 Armour
 - Level 1.5 Dodging


You had 4 spell levels left.
You didn't know any spells.
Your spell library was empty.

Dungeon Overview and Level Annotations

Branches:
Dungeon (4/15)             Temple (0/1) D:4

Altars:
Elyvilon


Message History

The orc wizard hits you with a +0 dagger.
The orc barely misses you.
The orc hits you with a +1 vorpal flail.
You slash the orc!
You kill the orc!
Trog accepts your kill.
You hit the orc wizard but do no damage.
You hit the orc but do no damage.
The orc wizard gestures at you while chanting.
You are more confused.
The orc closely misses you.
The orc hits you with a +1 vorpal flail.
The orc hits you from afar with a +0 trident.
The orc barely misses you.
The orc wizard gestures at you while chanting.
The puff of flame misses you.
Unknown command.
Unknown command.
The orc throws a boomerang.
The boomerang barely misses you.
The orc wizard hits you with a +0 dagger.
The orc barely misses you.
The orc wizard hits you but does no damage.
You bump into the rock wall.
The orc wizard hits you but does no damage.
The orc hits you but does no damage.
The orc wizard hits you but does no damage.
The orc misses you. The orc barely misses you. x2
The orc wizard hits you but does no damage.
Unknown command.
The orc wizard misses you. The orc hits you with a +0 trident.
The orc hits you but does no damage.
You feel less confused. The orc wizard closely misses you.
The orc hits you from afar with a +0 trident.
* * * LOW HITPOINT WARNING * * *
The orc hits you with a +1 vorpal flail!
* * * LOW HITPOINT WARNING * * *
x2 The orc hits you but does no damage.
The orc wizard hits you with a +0 dagger.
You die...

#...^..#...........
#......#...........
#......#...........
#......#...........
#######......##+###...###
#.................#...#..
#.....)...........'...#..
#.................#...#..
#.......@o........#...#..
#......).o........#...#..
#.......o.........#####..
#.....##########.........
+.!... #......... #.....
#......... #.....
#......... #....
+.........


You could see an orc wizard and 2 orcs.

Vanquished Creatures
  An iguana (D:4)
  Natasha (thrice) (D:2)
  3 gnolls (D:4)
  2 adders
  2 worms
  2 dart slugs
  5 orcs
  3 ball pythons
  7 endoplasms
  4 goblins
  2 hobgoblins (D:2)
  3 jackals (D:2)
  A quokka (D:4)
  5 bats
  A frilled lizard (D:1)
  3 kobolds
  A rat (D:2)
48 creatures vanquished.

Vanquished Creatures (others)
  9 plants (D:2)
9 creatures vanquished.

Grand Total: 57 creatures vanquished

Notes
Turn   | Place    | Note
-------+----------+-------------------------------------------
     0 | D:1      | Kinoniko the Hill Orc Berserker began the quest for the
                  | Orb.
     0 | D:1      | Reached XP level 1. HP: 19/19 MP: 1/1
   895 | D:1      | Reached XP level 2. HP: 26/26 MP: 2/2
   915 | D:1      | Found a faded altar of an unknown god.
  1352 | D:2      | Reached skill level 5 in Axes
  1423 | D:2      | Noticed Natasha
  1438 | D:2      | Killed Natasha
  1439 | D:2      | Reached skill level 6 in Axes
  1439 | D:2      | Reached XP level 3. HP: 21/31 MP: 3/3
  1442 | D:2      | Noticed Natasha
  1521 | D:2      | Killed Natasha
  1522 | D:2      | Reached XP level 4. HP: 19/39 MP: 4/4
  1595 | D:2      | Noticed Natasha
  1624 | D:2      | Killed Natasha
  1624 | D:2      | Reached ** piety under Trog
  1625 | D:2      | Reached skill level 7 in Axes
  2368 | D:2      | Reached XP level 5. HP: 43/45 MP: 5/5
  3192 | D:3      | Found a white marble altar of Elyvilon.
  3333 | D:4      | Found a staircase to the Ecumenical Temple.
  3648 | D:4      | Identified a scroll of acquirement
  3648 | D:4      | Acquired the +1 hat "Xiodor" {Slay+5}
  3702 | D:4      | Reached skill level 8 in Axes
  3906 | D:4      | HP: 2/45 [orc (2)]
  3906 | D:4      | Slain by an orc wizard

Illustrated notes

Levels and vault maps discovered:
D:1:      dpeg_arrival_castle, layout_basic, ebering_ecumenical_altar_box
D:2:      layout_basic, chequers_arboretum, roderic_roman_lattice,
          nrook_mini_backslash, serial_bayou_lake_a, uniq_natasha
D:3:      layout_loops_ring, mainiacjoe_overflow_six_doors_small,
          minmay_misc_feat_cross, minmay_misc_feat_room
D:4:      layout_gridville, mainiacjoe_overflow_paths, temple_fountains

Skill      XL: |  1  2  3  4  5 |
---------------+----------------+-----
Axes           | 6 7 8 |  8.4
Fighting       | |  3.6
Armour         | |  2.1
Dodging        | |  1.5

Action                   |  1- 3 |  4- 6 || total
-------------------------+-------+-------++-------
Melee: Hand axe          |    61 |   115 ||   176
Invok: Berserk           |     2 |     4 ||     6
  Use: Scroll            |       |     2 ||     2
 Stab: Sleeping          |     1 |       ||     1
Armor: Animal skin       |    14 |       ||    14
       Ring mail         |     8 |    43 ||    51
Dodge: Dodged            |    47 |    73 ||   120
